AoeStats
← Aka.Bnxez

Arabian Desert

509794514Analyzed
1v1 RM · 5d ago on Sep 28, 2026· 55m 23s· 2 players
Game mode
Random Map
Map size
Tiny (2 player)
Population
200
Speed
Normal
Resources
Standard
Victory
Conquest
Starting age
Dark Age
Ending age
Imperial Age
RankedLock teamsTeams togetherTeam positionsShared explorationLock speedFull tech treeHidden civsTurbo modeCheats
Victory
Defeat
🇺🇸 Varangians · United States
651
+32
🇩🇪 Maya · Germany
668
-17
Aka.Bnxez
7:35 Loom
10:27 Feudal Age
10:59 Double-Bit Axe
17:20 Bloodlines
23:09 Castle Age
24:08 Scale Mail Armor
24:16 Scale Barding Armor
25:50 Wheelbarrow
25:17 Gold Mining
25:42 Bow Saw
29:33 Hand Cart
31:41 Gold Mining
32:22 Husbandry
38:56 Imperial Age
37:09 Horse Collar
38:28 Chain Barding Armor
38:25 Squires
38:10 Arson
39:31 Gambesons
39:58 Scale Mail Armor
42:14 Conscription
41:21 Elite Varangian Guard
42:25 Chain Mail Armor
44:31 Two-Man Saw
43:33 Heavy Plow
43:01 Capped Ram
44:23 Siege Ram
45:42 Elite Jarl
50:29 Pikeman
51:43 Plate Mail Armor
51:23 Forging
51:09 Halberdier
51:26 Gothikon
55:04 Iron Casting
55:32 Chemistry
54:13 Treadmill Crane
hishighness
0:47 Loom
12:48 Feudal Age
13:21 Double-Bit Axe
18:59 Town Watch
21:32 Forging
21:24 Scale Mail Armor
25:02 Castle Age
23:08 Gold Mining
25:47 Squires
25:09 Eagle Warrior
28:34 Iron Casting
29:04 Arson
31:07 Chain Mail Armor
38:44 Imperial Age
39:33 Capped Ram
41:15 Bow Saw
43:55 Blast Furnace
45:54 Plate Mail Armor
49:58 Holcans
50:04 Horse Collar
50:28 Siege Ram
52:15 Elite Eagle Warrior
Connection lost

Rejoining the realm…

Still unreachable

The connection could not be restored.

Session expired

The server has moved on; the page needs a fresh start.